 Dungeon Crawl Stone Soup version 0.19.0-19-g8c6edcc (webtiles) character file.

27936 TheDragonKing the Peltast (level 13, -6/94 HPs)
             Began as a Minotaur Fighter on Nov 11, 2016.
             Was a High Priest of Makhleb.
             Mangled by an orc knight
             ... wielding a +0 glaive
              (13 damage)
             ... on level 2 of the Orcish Mines on Nov 14, 2016.
             The game lasted 01:11:33 (13848 turns).

TheDragonKing the Peltast (Minotaur Fighter)       Turns: 13848, Time: 01:11:34

Health: -6/94      AC: 21    Str: 29    XL:     13   Next: 7%
Magic:  1/1        EV: 14    Int: 13    God:    Makhleb [*****.]
Gold:   396        SH:  0    Dex: 13    Spells: 0 memorised, 12 levels left

rFire  + + .     SeeInvis +     v - +7 flail of Qanips {venom, *Drain rC++ Str+2 Dex+4}
rCold  + + +     Gourm    .     t - +0 plate armour
rNeg   . . .     Faith    .     c - +2 shield
rPois  +         Spirit   .     (helmet restricted)
rElec  +         Reflect  +     l - +0 cloak
rCorr  +         Harm     .     z - +0 pair of gloves
MR     ++...                    (no boots)
Stlth  ..........               M - amulet of Nayny {Reflect MR+ MP-9 Int+6 SH+3}
                                H - ring of protection from magic
                                A - ring of Amorality {rPois SInv}

@: confused, resistant
A: retaliatory headbutt, beak, horns 2, molten scales 1, clever 1, fire
resistance 1, frail 2, low mp 1, mutation resistance 1
a: Minor Destruction, Lesser Servant of Makhleb, Major Destruction, Greater
Servant of Makhleb, Renounce Religion


You were on level 2 of the Orcish Mines.
You worshipped Makhleb.
Makhleb was extremely pleased with you.
You were hungry.

You visited 4 branches of the dungeon, and saw 16 of its levels.

You collected 1453 gold pieces.
You spent 1057 gold pieces at shops.

Inventory:

Hand Weapons
 q - a +1 scimitar
 v - the +7 flail of Qanips (weapon) {venom, *Drain rC++ Str+2 Dex+4}
   (You found it on level 11 of the Dungeon)

   It poisons the flesh of those it strikes.
   It affects your strength (+2).
   It affects your dexterity (+4).
   It greatly protects you from cold.
   It causes draining when unequipped.
Missiles
 g - 108 bolts
Armour
 c - a +2 shield (worn)
 l - a +0 cloak (worn)
 t - a +0 plate armour (worn)
 z - a +0 pair of gloves (worn)
 C - +2 steam dragon scales
Jewellery
 A - the ring of Amorality (left hand) {rPois SInv}
   (You bought it in a shop on level 6 of the Dungeon)

   [ring of poison resistance]

   It protects you from poison.
   It lets you see invisible.
 H - a ring of protection from magic (right hand)
 M - the amulet of Nayny (around neck) {Reflect MR+ MP-9 Int+6 SH+3}
   (You bought it in a shop on level 6 of the Dungeon)

   [amulet of reflection]

   It shields you and reflects attacks.
   It affects your intelligence (+6).
   It affects your resistance to hostile enchantments.
   It affects your magic capacity (-9).
   It affects your SH (+3).
Wands
 a - a wand of iceblast (0/15)
 d - a wand of iceblast (6/15)
 s - a wand of digging (10/24)
 u - a wand of flame (13/48)
 w - a wand of heal wounds (0/9)
 I - a wand of acid (0/15)
Scrolls
 h - 4 scrolls of magic mapping
 k - 3 scrolls of amnesia
 m - 2 scrolls of enchant weapon
 p - 5 scrolls of remove curse
 y - 2 scrolls of blinking
 B - a scroll of teleportation
Potions
 i - 2 potions of magic
 n - a potion of resistance
 o - a potion of flight
 G - a potion of cancellation
 L - a potion of brilliance
Comestibles
 f - 7 bread rations
 j - 12 fruits
 r - a meat ration
 D - 8 beef jerkies


   Skills:
 - Level 12.0 Fighting
 + Level 6.7 Long Blades
 + Level 13.0 Armour
 + Level 11.4 Dodging
 - Level 15.0 Shields


You had 12 spell levels left.
You didn't know any spells.

Dungeon Overview and Level Annotations

Branches:
Dungeon (12/15)            Temple (1/1) D:5            Lair (1/6) D:8
    Orc (2/2) D:12
    Elf: Orc:2

Altars:
Ashenzari
Cheibriados
Dithmenos
Elyvilon
Fedhas
Gozag
Hepliaklqana
Kikubaaqudgha
Makhleb
Nemelex Xobeh
Okawaru
Qazlal
Ru
Sif Muna
Trog
Uskayaw
Vehumet
Xom
Yredelemnul
Zin
The Shining One
Beogh

Shops:
D:4 %   D:6 =

Annotations:
D:8 4 runed doors


Innate Abilities, Weirdness & Mutations

You reflexively headbutt those who attack you in melee.
You have a pair of horns on your head.
You have a beak for a mouth.
You are partially covered in molten scales. (AC +2)
Your mind is acute. (Int +2)
Your flesh is heat resistant. (rF+)
You are very frail. (-20% HP)
Your magical capacity is low. (-10% MP)
You are somewhat resistant to further mutation.


Message History

The orc knight is heavily wounded.
The orc no longer looks unusually strong.
The orc warrior no longer looks unusually strong.
The orc knight unwields an uncursed arbalest.
The orc knight wields an uncursed glaive.
The orc knight hits you but does no damage.
The troll bites you!
* * * LOW HITPOINT WARNING * * *
The troll claws you but does no damage. The troll closely misses you.
The orc warrior unwields an uncursed arbalest.
The orc warrior wields an uncursed battleaxe.
The orc warrior barely misses you.
The orc warrior hits you from afar with a halberd.
* * * LOW HITPOINT WARNING * * *
The troll bites you but does no damage. The troll barely misses you.
The troll claws you but does no damage.
You barely miss the orc knight.
The orc knight is heavily wounded.
The orc knight hits you with an uncursed glaive!
You die...

################################
....#........#o#@##.......#.....
..........[...oTooo.............
..........[....ooo.(...[.........
..........[..........(...........
.............(.....(...(.........
..............((.................
.................................
.................................
.................................


You could see an orc knight, a troll and 6 orc warriors.

Vanquished Creatures
  Rupert (Orc:2)
  Azrael (Orc:2)
  The ghost of Gottschkopf the Blocker, a journeyman MiFi of Ashenzari (D:12)
  Fannar (Orc:1)
  3 hydras
  5 hill giants
  Pikel (D:7)
  2 orc sorcerers (Orc:2)
  2 orc knights
  An ugly thing (D:12)
  A cyclops (D:12)
  A gargoyle (D:12)
  A komodo dragon (D:12)
  Grinder (D:3)
  6 trolls
  3 two-headed ogres
  Sigmund (D:3)
  A hippogriff (D:7)
  2 wyverns
  4 yaks (D:10)
  The ghost of Mukku the Ruffian, an amateur TrWz (D:4)
  4 fire bats (D:9)
  2 fire elementals (Orc:2)
  A steam dragon (D:6)
  4 wargs
  A hungry ghost (D:10)
  2 water moccasins
  3 hell hounds
  15 orc warriors
  5 phantoms
  3 black bears
  A necrophage (D:10)
  The ghost of Mukku the Ruffian, an amateur TrWz of Zin (D:3)
  An eye of draining (D:9)
  15 ogres
  3 sky beasts
  A wolf (D:10)
  3 centaurs
  2 crocodiles
  A big kobold (D:12)
  8 bullfrogs
  7 gnoll sergeants
  3 scorpions
  11 killer bees
  2 electric eels
  7 wights
  4 crimson imps
  3 howler monkeys
  2 lava snakes (D:9)
  8 hounds
  A quasit (D:7)
  Crazy Yiuf (D:2)
  A bullfrog zombie (D:9)
  3 centaur zombies
  3 orc priests
  3 jellies
  2 gnoll shamans
  23 orc wizards
  Jessica (D:2)
  Natasha (thrice) (D:3)
  Ijyb (D:2)
  5 iguanas
  7 worker ants
  Terence (D:2)
  39 gnolls
  12 adders
  6 shadow imps
  An ooze (D:5)
  An adder skeleton (D:4)
  2 worms
  2 dart slugs
  7 leopard geckos
  48 orcs
  2 ball pythons
  6 bats
  8 giant cockroaches
  6 goblins
  9 hobgoblins
  13 jackals
  4 quokkas
  2 frilled lizards
  9 kobolds
  A leopard gecko skeleton (D:4)
  A quokka zombie (D:5)
  8 rats
  A fire vortex (D:9)
406 creatures vanquished.

Vanquished Creatures (others)
  A cyclops (D:11)
  An orc warrior (Orc:2)
  4 centaurs
  An orc wizard (Orc:1)
  An adder (D:7)
  2 gnolls (D:10)
  3 orcs
  A quokka (D:7)
  2 fire vortices (D:9)
16 creatures vanquished.

Grand Total: 422 creatures vanquished

Notes
Turn   | Place    | Note
-------+----------+-------------------------------------------
     0 | D:1      | TheDragonKing the Minotaur Fighter began the quest for the Orb.
     0 | D:1      | Reached XP level 1. HP: 19/19 MP: 0/0
   182 | D:1      | Reached skill level 1 in Dodging
   182 | D:1      | Reached XP level 2. HP: 27/27 MP: 1/1
   717 | D:2      | Noticed Jessica
   720 | D:2      | Killed Jessica
   720 | D:2      | Reached XP level 3. HP: 21/33 MP: 2/2
   734 | D:2      | Reached skill level 4 in Shields
   832 | D:2      | Reached skill level 12 in Shields
   832 | D:2      | Reached XP level 4. HP: 41/41 MP: 3/3
  1023 | D:2      | Noticed Ijyb
  1047 | D:2      | Killed Ijyb
  1047 | D:2      | Reached XP level 5. HP: 44/47 MP: 4/4
  1078 | D:2      | Upgraded the game from 0.19.0-18-g426998a to 0.19.0-19-g8c6edcc
  1087 | D:2      | Found a runed door.
  1092 | D:2      | Noticed Crazy Yiuf
  1096 | D:2      | Killed Crazy Yiuf
  1196 | D:2      | Noticed Terence
  1206 | D:2      | Killed Terence
  1494 | D:2      | Gained mutation: You are robust. (+10% HP) [potion of mutation]
  1494 | D:2      | Gained mutation: Your magical capacity is low. (-10% MP) [potion of mutation]
  1494 | D:2      | Gained mutation: Your flesh is heat resistant. (rF+) [potion of mutation]
  1495 | D:2      | Lost mutation: You are robust. (+10% HP) [potion of mutation]
  1495 | D:2      | Gained mutation: You are partially covered in molten scales. (AC +2) [potion of mutation]
  1495 | D:2      | Gained mutation: You have a beak for a mouth. [potion of mutation]
  1513 | D:3      | Found an opulent altar of Gozag.
  1514 | D:3      | Found a glowing silver altar of Zin.
  1541 | D:3      | Noticed Natasha
  1567 | D:3      | Killed Natasha
  1567 | D:3      | Reached XP level 6. HP: 32/55 MP: 4/4
  1701 | D:3      | Noticed Natasha
  1777 | D:3      | Killed Natasha
  1925 | D:3      | Noticed Mukku's ghost (amateur TrWz)
  1948 | D:3      | Killed Mukku's ghost
  1948 | D:3      | Reached skill level 5 in Fighting
  2142 | D:3      | Noticed Natasha
  2153 | D:3      | Killed Natasha
  2161 | D:3      | Noticed Grinder
  2177 | D:3      | Killed Grinder
  2177 | D:3      | Reached skill level 5 in Armour
  2177 | D:3      | Reached XP level 7. HP: 38/61 MP: 5/5
  2359 | D:3      | Noticed Sigmund
  2374 | D:3      | Killed Sigmund
  2374 | D:3      | Reached skill level 13 in Shields
  2769 | D:4      | Noticed Mukku's ghost (amateur TrWz)
  2796 | D:4      | Killed Mukku's ghost
  2796 | D:4      | Reached XP level 8. HP: 70/70 MP: 6/6
  2809 | D:4      | Found Ydexadd's Food Shop.
  3323 | D:4      | Found a radiant altar of Vehumet.
  3323 | D:4      | Found a stormy altar of Qazlal.
  3328 | D:4      | Found a faded altar of an unknown god.
  3330 | D:4      | Found a faded altar of an unknown god.
  3331 | D:4      | Found a faded altar of an unknown god.
  3450 | D:5      | Entered Level 5 of the Dungeon
  3529 | D:5      | Found a staircase to the Ecumenical Temple.
  3539 | Temple   | Entered the Ecumenical Temple
  3743 | Temple   | Became a worshipper of Makhleb the Destroyer
  3815 | D:5      | Found a hazy altar of Hepliaklqana.
  4397 | D:5      | Gained mutation: Your mind is acute. (Int +2) [mutagenic meat]
  4398 | D:5      | Gained mutation: You are frail. (-10% HP) [mutagenic meat]
  4399 | D:5      | Gained mutation: You are somewhat resistant to further mutation. [mutagenic meat]
  4523 | D:6      | Found Navewn's Jewellery Shoppe.
  4597 | D:6      | Reached skill level 5 in Dodging
  4621 | D:6      | Reached XP level 9. HP: 48/70 MP: 7/7
  5000 | D:6      | Reached * piety under Makhleb
  5287 | D:6      | Found a sparkling altar of Nemelex Xobeh.
  5288 | D:6      | Found a shattered altar of Ashenzari.
  5328 | D:6      | Found an iron altar of Okawaru.
  5610 | D:7      | Noticed a troll
  5621 | D:6      | Killed a troll
  6090 | D:7      | Found a bloodstained altar of Trog.
  6497 | D:7      | Reached ** piety under Makhleb
  6538 | D:7      | Noticed Pikel
  6560 | D:7      | Killed Pikel
  6560 | D:7      | Reached skill level 14 in Shields
  6560 | D:7      | Reached XP level 10. HP: 43/79 MP: 8/8
  7384 | D:8      | Found a sacrificial altar of Ru.
  7430 | D:8      | Noticed a seven-headed hydra
  7445 | D:8      | Killed a seven-headed hydra
  7573 | D:8      | Found a huge runed gate.
  7583 | D:8      | Noticed a death yak
  7633 | D:8      | Found a huge runed gate.
  7633 | D:8      | Found a huge runed gate.
  7633 | D:8      | Found a huge runed gate.
  7714 | D:8      | Found a staircase to the Lair.
  8125 | D:9      | Reached *** piety under Makhleb
  8216 | D:9      | Reached XP level 11. HP: 87/87 MP: 8/8
  8844 | D:10     | Entered Level 10 of the Dungeon
  8979 | D:10     | Reached **** piety under Makhleb
  9351 | D:10     | Reached skill level 10 in Fighting
  9351 | D:10     | Reached skill level 10 in Armour
  9643 | D:7      | Gained mutation: You are very frail. (-20% HP) [mutagenic meat]
 10320 | D:11     | Noticed a hill giant
 10333 | D:11     | Killed a hill giant
 10333 | D:11     | Reached skill level 15 in Shields
 10436 | D:11     | Got a crystal flail
 10437 | D:11     | Identified the +7 flail of Qanips {venom, *Drain rC++ Str+2 Dex+4} (You found it on level 11 of the Dungeon)
 10671 | D:11     | Noticed a hill giant
 10679 | D:11     | Killed a hill giant
 11171 | D:6      | Bought the amulet of Nayny {Reflect MR+ MP-9 Int+6 SH+3} for 652 gold pieces
 11274 | Lair:1   | Entered Level 1 of the Lair of Beasts
 11451 | D:12     | Reached ***** piety under Makhleb
 11510 | D:12     | Found a staircase to the Orcish Mines.
 11513 | D:12     | Noticed a four-headed hydra
 11527 | D:12     | Killed a four-headed hydra
 11546 | D:12     | Noticed an eight-headed hydra
 11548 | D:12     | Noticed a white ugly thing
 11561 | D:12     | Killed an eight-headed hydra
 11569 | D:12     | Killed a white ugly thing
 11623 | D:12     | Reached XP level 12. HP: 88/88 MP: 0/9
 11891 | D:12     | Noticed Gottschkopf's ghost (journeyman MiFi)
 11928 | D:12     | Killed Gottschkopf's ghost
 11955 | D:12     | Reached skill level 10 in Dodging
 12239 | Orc:1    | Entered Level 1 of the Orcish Mines
 12423 | Orc:1    | Noticed Fannar
 12461 | Orc:1    | Killed Fannar
 12646 | Orc:2    | Entered Level 2 of the Orcish Mines
 12646 | Orc:2    | Found a roughly hewn altar of Beogh.
 12731 | Orc:1    | Found a roughly hewn altar of Beogh.
 13173 | D:6      | Bought the ring of Amorality {rPois SInv} for 405 gold pieces
 13560 | Orc:2    | Noticed Rupert
 13583 | Orc:2    | Killed Rupert
 13583 | Orc:2    | Reached skill level 5 in Long Blades
 13708 | Orc:2    | Noticed Azrael
 13742 | Orc:2    | Killed Azrael
 13743 | Orc:2    | Reached XP level 13. HP: 84/94 MP: 1/10
 13847 | Orc:2    | HP: 3/94 [orc warrior/halberd (6)]
 13848 | Orc:2    | Mangled by an orc knight

Skill      XL: |  1  2  3  4  5  6  7  8  9 10 11 12 13 |
---------------+----------------------------------------+-----
Dodging        | 1 2 3 5 6 7 9 11 | 11.4
Fighting       | 4 5 6 8 9 11 12 | 12.0
Armour         | 4 5 6 8 9 11 12 13 | 13.0
Shields        | 12 13 14 15 | 15.0
Long Blades    | 6 |  6.7

Action                   |  1- 3 |  4- 6 |  7- 9 | 10-12 | 13-15 || total
-------------------------+-------+-------+-------+-------+-------++-------
Melee: Long sword        |    44 |   103 |   430 |    21 |       ||   598
       Headbutt          |     5 |    20 |    86 |   192 |     5 ||   308
       Unarmed           |       |    18 |       |    19 |       ||    37
       Peck              |       |     9 |    86 |   190 |     8 ||   293
       Scimitar          |       |       |       |   447 |       ||   447
       Flail             |       |       |       |   364 |    23 ||   387
Evoke: Wand              |       |       |       |    13 |     1 ||    14
  Use: Potion            |     4 |     5 |     5 |     6 |     4 ||    24
       Scroll            |     3 |     2 |     9 |    13 |       ||    27
  Eat: Meat ration       |       |     1 |     1 |     2 |       ||     4
       Pizza             |       |       |     1 |       |       ||     1
       Chunk             |       |       |     4 |     9 |       ||    13
       Fruit             |       |       |     3 |    15 |       ||    18
       Beef jerky        |       |       |     1 |       |       ||     1
       Bread ration      |       |       |     1 |     1 |       ||     2
Armor: Scale mail        |    13 |    41 |       |       |       ||    54
       Skin              |       |     3 |       |       |       ||     3
       Plate armour      |       |       |   192 |   375 |    32 ||   599
Dodge: Dodged            |    11 |    60 |   102 |   385 |    55 ||   613
Block: Shield            |    26 |    83 |   431 |  1090 |    62 ||  1692
       Reflection        |       |       |     6 |    39 |    28 ||    73
       Rpst.: Long sword |     2 |     9 |    27 |       |       ||    38
       Scimitar          |       |       |       |    46 |       ||    46
